 Dungeon Crawl Stone Soup version 0.29-a0-721-g7f417c9bbb (webtiles) character file.

Game seed: 12959568804231857959

9 riojii the Trooper (level 2, -2/24 HPs)
             Began as a Demonspawn Abyssal Knight on June 27, 2022.
             Was a Believer of Lugonu.
             Slain by a quokka (3 damage)
             ... on level 1 of the Dungeon.
             The game lasted 00:00:39 (493 turns).

riojii the Trooper (Demonspawn Abyssal Knight)       Turns: 493, Time: 00:00:39

Health: -2/24      AC:  3    Str: 13    XL:     2   Next: 3%
Magic:  3/3        EV: 13    Int: 11    God:    Lugonu [**....]
Gold:   0          SH:  0    Dex: 13    Spells: 1/1 levels left

rFire   . . .      SeeInvis .     - Unarmed
rCold   . . .      Faith    .   (no shield)
rNeg    . . .      Spirit   .   a - +0 leather armour
rPois   .          Reflect  .   (no helmet)
rElec   .          Harm     .   (no cloak)
rCorr   .          Rampage  .   (no gloves)
Will    .....                   (no boots)
Stlth   +.........              (no amulet)
HPRegen 0.08/turn               (no ring)
MPRegen 0.08/turn               (no ring)

@: no status effects
A: repulsion field 1
a: Renounce Religion, Depart the Abyss, Bend Space


You were on level 1 of the Dungeon.
You worshipped Lugonu.
Lugonu was pleased with you.
You visited 1 branch of the dungeon, and saw 1 of its levels.
You visited the Abyss 1 time.

Inventory:

Armour
 a - a +0 leather armour (worn)
Scrolls
 b - a scroll of vulnerability {unknown}


   Skills:
 + Level 3.1 Fighting
 + Level 1.9 Armour
 + Level 1.1 Dodging
 * Level 2.1 Unarmed Combat
 - Level 2.4 Invocations


You had one spell level left.
You didn't know any spells.
Your spell library contained the following spells:

 Spells                   Type           Power      Damage    Failure   Level
 Blink                    Tloc           0%         N/A       56%         2
 Manifold Assault         Tloc           0%         N/A       100%        5
 Storm Form               Tmut/Air       0%         N/A       100%        7


Dungeon Overview and Level Annotations

Branches:
Dungeon (1/15)

Altars:


Innate Abilities, Weirdness & Mutations

You are surrounded by a mild repulsion field. (EV +2)


Message History

The rat barely misses you.
You hit the quokka but do no damage.
The quokka is severely wounded.
The quokka bites you but does no damage.
The rat bites you.
You are too injured to fight recklessly!
You are too injured to fight recklessly!
You are too injured to fight recklessly!
You are too injured to fight recklessly!
You are too injured to fight recklessly!
You are too injured to fight recklessly!
You are too injured to fight recklessly!
You are too injured to fight recklessly!
You are too injured to fight recklessly!
You are too injured to fight recklessly!
You are too injured to fight recklessly!
You are too injured to fight recklessly!
You are too injured to fight recklessly!
You are too injured to fight recklessly!
You are too injured to fight recklessly!
You are too injured to fight recklessly!
You hit the rat.
You kill the rat!
Lugonu accepts your kill. The quokka bites you.
The quokka bites you but does no damage.
The quokka misses you.
You see here a rat corpse.
The quokka attacks as you move away! The quokka bites you.
* * * LOW HITPOINT WARNING * * *
The quokka bites you.
* * * LOW HITPOINT WARNING * * *
You see here a rat corpse.
The quokka barely misses you. The quokka closely misses you.
The quokka bites you.
* * * LOW HITPOINT WARNING * * *
You hit the quokka but do no damage.
The quokka is severely wounded.
The quokka bites you.
You die...

#.....(....#....)#
#....##....#...#.#
#...)..........#.#
#..##...##...###.#
#.....##.....# #.#######
#...##.......# #........
#.##.........# #######.#
#..(....†...########....
........@r............†..
##.#######...##########.#
.. #...# #........ #
#...####.#####.#
######...###.#.#
#.#.......# #.#.......#
#.###.....# #...#.#####


You could see a quokka.

Vanquished Creatures
  A ball python (D:1)
  2 endoplasms (D:1)
  A hobgoblin (D:1)
  2 kobolds (D:1)
  A rat (D:1)
7 creatures vanquished.

Notes
Turn   | Place    | Note
-------+----------+-------------------------------------------
     0 | Abyss:1  | riojii the Demonspawn Abyssal Knight began the quest for
                  | the Orb.
     0 | Abyss:1  | Reached XP level 1. HP: 18/18 MP: 2/2
     1 | D:1      | Escaped the Abyss
   182 | D:1      | Reached skill level 1 in Dodging
   467 | D:1      | Gained mutation: You are surrounded by a mild repulsion
                  | field. (EV +2) [demonic ancestry]
   467 | D:1      | Reached XP level 2. HP: 24/24 MP: 3/3
   492 | D:1      | HP: 1/24 [quokka (3)]
   493 | D:1      | Slain by a quokka

Illustrated notes

Levels and vault maps discovered:
D:1:      psy_arrival_terrarium, layout_basic, hangedman_decor_peaks_small,
          chequers_serial_rivers_large_a

Skill      XL: |  1 |
---------------+----+-----
Dodging        | 1 |  1.1
Unarmed Combat | 2 |  2.1
Fighting       | |  3.1
Armour         | |  1.9
Invocations    | |  2.4

Action                   || total
-------------------------++-------
Melee: Unarmed           ||    49
Armor: Leather armour    ||    12
Dodge: Dodged            ||    35

Table legend: (Time is in decaauts)
 A = Elapsed time spent in this place.
 B = Non-inter-level travel time spent in this place.
 C = Inter-level travel time spent in this place.
 D = Time resting spent in this place.
 E = Time spent auto-exploring this place.
 F = Levels seen in this place.
 G = Mean time per level.
                   A        B        C        D        E       F      G
               +--------+--------+--------+--------+--------+-----+--------+
         Total |    490 |    490 |      0 |      0 |    414 |   2 |  245.0 |
       Dungeon |    489 |    489 |      0 |      0 |    414 |   1 |  489.0 |
         Abyss |      1 |      1 |      0 |      0 |      0 |   1 |    1.0 |
               +--------+--------+--------+--------+--------+-----+--------+

Top non-repeatable levels by time:
     D:1: 489 daAuts
 Abyss:1: 1 daAuts
